 Dungeon Crawl Stone Soup version 0.26-a0-663-g36e8fdb655 (webtiles) character file.

Game seed: 11804461968521104617

380 Decritt the Chopper (level 6, 57/57 HPs)
             Began as a Hill Orc Fighter on Oct 9, 2020.
             Quit the game on level 3 of the Dungeon on Oct 10, 2020.
             The game lasted 00:08:11 (2432 turns).

Decritt the Chopper (Hill Orc Fighter)              Turns: 2432, Time: 00:08:12

Health: 57/57      AC: 11    Str: 21    XL:     6   Next: 75%
Magic:  6/6        EV:  4    Int:  8    God:
Gold:   96         SH:  9    Dex: 10    Spells: 5/5 levels left

rFire    . . .     SeeInvis +   a - +0 war axe
rCold    . . .     Faith    .   c - +0 kite shield
rNeg     . . .     Spirit   .   h - +0 plate armour
rPois    .         Reflect  .   (no helmet)
rElec    .         Harm     .   (no cloak)
rCorr    .         Rampage  .   (no gloves)
MR       .....                  (no boots)
Stlth    ..........             (no amulet)
HPRegen  0.19/turn              j - ring of see invisible
MPRegen  0.10/turn              f - ring of wizardry

@: glowing
A: no striking features
a: no special abilities


You were on level 3 of the Dungeon.
You visited 1 branch of the dungeon, and saw 3 of its levels.

You collected 96 gold pieces.

Inventory:

Hand Weapons
 a - a +0 war axe (weapon)
Armour
 b - a +0 scale mail
 c - a +0 kite shield (worn)
 h - a +0 plate armour (worn)
Jewellery
 f - a ring of wizardry (right hand)
 j - a ring of see invisible (left hand)
Wands
 p - a wand of flame (28)
Scrolls
 e - 6 scrolls of teleportation
 l - 2 scrolls of amnesia {unknown}
 m - a scroll of enchant armour {unknown}
 n - a scroll of random uselessness {unknown}
 r - 3 scrolls of identify
 t - a scroll of enchant weapon {unknown}
Potions
 d - 4 potions of might
 g - a potion of curing {unknown}
 i - 2 potions of heal wounds
 k - a potion of magic {unknown}
 o - a potion of experience {unknown}
 q - a potion of haste {unknown}
 s - a potion of degeneration {unknown}


   Skills:
 - Level 6.3 Fighting
 + Level 6.5 Axes
 + Level 3.7 Armour
 + Level 3.7 Shields


You had 5 spell levels left.
You didn't know any spells.
Your spell library was empty.

Dungeon Overview and Level Annotations

Branches:
Dungeon (3/15)

Altars:
Trog
Xom
Zin


Message History

The hound is heavily wounded.
The hound bites you but does no damage. x2
You slash the hound!
You kill the hound!
No target in view!
You see here a hound corpse.
There is an open door here.
You open the door.
There is an open door here.
You open the door.
There is an open door here.
Done exploring.
No target in view!
Done exploring.
Save game and exit?
Welcome back, Decritt the Hill Orc Fighter.
Press ? for a list of commands and other information.
There are no items here.
Unknown command.
Are you sure you want to abandon this character and quit the game? (Confirm with "yes".)

# #..###..........#.####.........
###..##......_....#.#############
.##.###....#####..........##.#
.##........#...#..#.####.###.####
.#######...#.A.#....# #.# #.#...
...........#.[.#....# #.###.#.#.
.#######...#####..#.# #.........
.# #........_......##########.##
.# #.####......@#####.........#
## #.# #####.### #.#####.####
#####.##### #.# ####'#......)..
..........# #.# #...........###
..........# #.# #...........#
..........# #.# #...........#
#####'###### #.# #...[.(.....#
...........###.# #..>........#
..........(....# #...........###


You could see an angel (stupefied).

Vanquished Creatures
  Sigmund (D:2)
  A hound (D:3)
  Jessica (D:2)
  Terence (D:2)
  2 orc wizards (D:3)
  2 adders (D:2)
  2 worms (D:2)
  4 dart slugs
  A leopard gecko (D:3)
  5 orcs (D:3)
  A ball python (D:2)
  5 bats
  A giant cockroach (D:3)
  7 goblins
  3 hobgoblins
  3 jackals (D:1)
  4 kobolds
  3 frilled lizards (D:3)
  8 rats
55 creatures vanquished.

Notes
Turn   | Place    | Note
-------+----------+-------------------------------------------
     0 | D:1      | Decritt the Hill Orc Fighter began the quest for the Orb.
     0 | D:1      | Reached XP level 1. HP: 19/19 MP: 1/1
   251 | D:1      | You fall into a shaft and drop 1 floor!
   256 | D:2      | Reached XP level 2. HP: 27/27 MP: 2/2
   265 | D:2      | Reached XP level 3. HP: 26/34 MP: 3/3
   702 | D:2      | Noticed Sigmund
   709 | D:2      | Killed Sigmund
   709 | D:2      | Reached skill level 5 in Fighting
   709 | D:2      | Reached skill level 5 in Axes
   709 | D:2      | Reached XP level 4. HP: 28/44 MP: 4/4
   709 | D:2      | Reached XP level 5. HP: 32/50 MP: 5/5
   714 | D:2      | Noticed Jessica
   720 | D:2      | Killed Jessica
   837 | D:2      | Noticed Terence
   854 | D:2      | Killed Terence
   854 | D:2      | Reached XP level 6. HP: 32/57 MP: 6/6
  1143 | D:2      | Found a bloodstained altar of Trog.
  1703 | D:3      | Found a shimmering altar of Xom.
  1706 | D:3      | Noticed an angel
  1709 | D:3      | Found a glowing silver altar of Zin.
  2406 | D:3      | Upgraded the game from 0.26-a0-661-g406de6ba63 to
                  | 0.26-a0-663-g36e8fdb655
  2432 | D:3      | Quit the game

Illustrated notes

Levels and vault maps discovered:
D:1:      lightli_arrival_quake, layout_basic
D:2:      layout_basic, lightli_temple_of_fire, chequers_serial_rivers_micro_b,
          serial_bayou_pond_e, moated_statue, minmay_misc_feat_tower,
          uniq_jessica, uniq_sigmund, uniq_terence
D:3:      layout_basic, grunt_temple_overflow_order_and_chaos_1

Skill      XL: |  1  2  3  4  5 |
---------------+----------------+-----
Axes           | 3 5 6 |  6.5
Fighting       | 4 5 6 |  6.3
Armour         | |  3.7
Shields        | |  3.7

Action                   |  1- 3 |  4- 6 || total
-------------------------+-------+-------++-------
Melee: War axe           |    41 |   119 ||   160
Throw: Throwing net      |     1 |       ||     1
  Use: Scroll            |     1 |     3 ||     4
Armor: Scale mail        |     4 |       ||     4
       Plate armour      |    10 |    75 ||    85
Dodge: Dodged            |     7 |    10 ||    17
Block: Kite shield       |    21 |    66 ||    87

Table legend: (Time is in decaauts)
 A = Elapsed time spent in this place.
 B = Non-inter-level travel time spent in this place.
 C = Inter-level travel time spent in this place.
 D = Time resting spent in this place.
 E = Time spent auto-exploring this place.
 F = Levels seen in this place.
 G = Mean time per level.
                   A        B        C        D        E       F      G
               +--------+--------+--------+--------+--------+-----+--------+
         Total |   2485 |   2449 |     36 |      0 |   1972 |   3 |  828.3 |
       Dungeon |   2485 |   2449 |     36 |      0 |   1972 |   3 |  828.3 |
               +--------+--------+--------+--------+--------+-----+--------+

Top non-repeatable levels by time:
     D:2: 956 daAuts
     D:3: 785 daAuts
     D:1: 743 daAuts
